 Dungeon Sprint DCSS version 0.31-a0-1-g4198be8af4 (webtiles) character file.

Game seed: 15505898298883098978

8987 howech the Imperceptible (level 11, -9/54 HPs)
             Began as a Kobold Enchanter on May 2, 2023.
             Was a High Priest of Sif Muna.
             Mangled by a demonic crawler (16 damage)
             ... in the Dungeon (Sprint I: "Red Sonja").
             The game lasted 00:15:21 (993 turns).

howech the Imperceptible (Kobold Enchanter)          Turns: 993, Time: 00:15:21

Health: -9/54      AC:  4    Str:  5    XL:     11   Next: 66%
Magic:  23/27      EV: 16    Int: 22    God:    Sif Muna [*****.]
Gold:   402        SH:  0    Dex: 15    Spells: 26/34 levels left

rFire   + + .        o - +1 dagger (venom)
rCold   . . .        (no shield)
rNeg    . . .        b - +0 robe
rPois   +            (no helmet)
rElec   .            (no cloak)
rCorr   .            (no gloves)
SInv    +            r - +1 pair of boots "Imoidat" {Drain rPois rF++ Will-}
Will    .....        f - amulet of Iremeboc {RegenMP rPois Regen+}
Stlth   +++++++++    c - ring of see invisible
HPRegen 1.09/turn    (no ring)
MPRegen 0.60/turn

%: no teleportation
@: hasted, very quick
A: small, no large weapons, nightstalker 3
a: Renounce Religion, Channel Magic, Forget Spell, Divine Exegesis


You were in the Dungeon.
You worshipped Sif Muna.
Sif Muna was extremely pleased with you.
You visited 1 branch You collected 2236 gold pieces.
You spent 1816 gold pieces at shops.
You donated 18 gold pieces to Zin.

Inventory:

Hand Weapons
 a - a +1 dagger
 o - a +1 dagger of venom (weapon)
 s - the +27 heavy crossbow "Sniper" {heavy, Acc+∞ SInv}
   (You bought it in a shop in the Dungeon)

   Acc+∞: It never misses its target.
   SInv:      It lets you see invisible.
Missiles
 n - 4 curare-tipped darts (quivered)
Armour
 b - a +0 robe (worn)
 r - the +1 pair of boots "Imoidat" (worn) {Drain rPois rF++ Will-}
   (You acquired it in the Dungeon)

   rF:        It greatly protects you from fire.
   rPois:     It protects you from poison.
   Drain:     It drains your maximum health when unequipped.
   Will:      It decreases your willpower.
Jewellery
 c - a ring of see invisible (left hand)
 f - the amulet of Iremeboc (around neck) {RegenMP rPois Regen+}
   (You acquired it in the Dungeon)

   [amulet of magic regeneration]

   It increases your rate of magic regeneration.
   rPois:     It protects you from poison.
   Regen:     It increases your rate of health regeneration.
Wands
 h - a wand of roots (14)
 l - a wand of paralysis (8)
Scrolls
 k - 3 scrolls of fog
 p - a scroll of immolation
 t - a scroll of amnesia
 u - a scroll of blinking
Potions
 d - 4 potions of curing
 g - 2 potions of magic
 i - a potion of ambrosia
 j - a potion of brilliance {unknown}
 m - a potion of resistance {unknown}
 q - a potion of might {unknown}
 v - a potion of haste


   Skills:
 - Level 10.0 Short Blades
 * Level 0.0 Ranged Weapons
 - Level 5.0 Dodging
 + Level 23.4 Stealth
 - Level 12.0 Spellcasting
 - Level 12.0 Hexes
 - Level 12.1 Ice Magic


You had 26 spell levels left.
You knew the following spells:

 Your Spells              Type           Power      Damage    Failure   Level
a - Ensorcelled Hibernat  Hex/Ice        100%       N/A       1%          2
b - Confusing Touch       Hex            60%        N/A       1%          3
c - Dazzling Flash        Conj/Hex       78%        N/A       1%          3

Your spell library contained the following spells:

 Spells                   Type           Power      Damage    Failure   Level
 Frozen Ramparts          Ice            100%       1d16      1%          3
 Tukima's Dance           Hex            60%        N/A       1%          3
 Cause Fear               Hex            30%        N/A       1%          4
 Ice Form                 Ice/Tmut       39%        N/A       4%          4
 Summon Ice Beast         Ice/Summ       39%        N/A       4%          4
 Dragon Form              Tmut           6%         N/A       100%        7
 Dragon's Call            Summ           6%         N/A       100%        9


Dungeon Overview and Level Annotations

Branches:
Dungeon (1/1)

Altars:
Cheibriados
Dithmenos
Elyvilon
Fedhas
Gozag
Hepliaklqana
Kikubaaqudgha
Makhleb
Nemelex Xobeh
Okawaru
Qazlal
Ru
Sif Muna
Trog
Uskayaw
Vehumet
Wu Jian
Xom
Yredelemnul
Zin
The Shining One
Jiyva
Lugonu

Shops:
D ((*(*=?*[!=!*(!=[!*[*


Innate Abilities, Weirdness & Mutations

You are small and have problems with some larger weapons.
You are completely attuned to the shadows.


Message History

Aim: a demonic crawler (asleep, 100% to hit)
You shoot a bolt. The bolt hits the demonic crawler!!
The demonic crawler gives a hideous shriek!
The demonic crawler is moderately wounded.
The demonic crawler gives a hideous shriek! x2
The demonic crawler misses you. The demonic crawler barely misses you.
The demonic crawler hits you but does no damage.
The demonic crawler hits you. The demonic crawler closely misses you.
The demonic crawler hits you! x3; The demonic crawler hits you.
The demonic crawler completely misses you.
The demonic crawler barely misses you. The demonic crawler hits you.
Casting: Confusing Touch (safe; 1% risk of failure)
Confirm with . or Enter, or press ? or * to list all spells.
Aiming: Ensorcelled Hibernation (safe; 1% risk of failure)
Press: ? - help, Shift-Dir - straight line, f/p - demonic crawler
Aim: a demonic crawler (chance to affect: 37%)
Okay, then.
Okay, then.
Your +1 dagger of venom begins to drip with poison!
o - a +1 dagger of venom (weapon)
Casting: Ensorcelled Hibernation (safe; 1% risk of failure)
Confirm with . or Enter, or press ? or * to list all spells.
Aiming: Ensorcelled Hibernation (safe; 1% risk of failure)
Press: ? - help, Shift-Dir - straight line, f - demonic crawler, p - demonic crawler
Aim: a demonic crawler (chance to affect: 37%)
The demonic crawler easily resists.
The demonic crawler hits you but does no damage.
The demonic crawler hits you.
* * * LOW HITPOINT WARNING * * *
The demonic crawler barely misses you. x2; The demonic crawler hits you!
* * * LOW HITPOINT WARNING * * *
The demonic crawler misses you.
Unknown command.
Casting: Ensorcelled Hibernation (safe; 1% risk of failure)
Confirm with . or Enter, or press ? or * to list all spells.
Aiming: Ensorcelled Hibernation (safe; 1% risk of failure)
Press: ? - help, Shift-Dir - straight line, f/p - demonic crawler
Aim: a demonic crawler (chance to affect: 37%)
The demonic crawler easily resists.
The demonic crawler hits you!
You die...

##################
.#.)'..#__#..'.).#
)'..#..'..'..#.)@#
'#####'#__####..sss.#
.#...#.####.[#####s.+
##..##[#~§§§§#..# +##
_##'#_.§§~~§§§..#
..'..._#§§~§)#§.#
_##_.#'##'#####§###
_###'#.#....###.'.#
####.####+###.###.#


You could see 4 demonic crawlers.

Vanquished Creatures
  2 centaur warriors (D)
  Sonja (D)
  A deep troll (D)
  8 shining eyes (D)
  An oklob plant (D)
  2 unseen horrors (D)
  2 kobold demonologists (D)
  A hornet (D)
  Sigmund (D)
  A slime creature (D)
  A yak (D)
  2 redbacks (D)
  6 floating eyes (D)
  An ogre (D)
  7 necrophages (D)
  8 jellies (D)
  Ijyb (D)
  A ballistomycete spore (D)
47 creatures vanquished.

Vanquished Creatures (others)
  A ballistomycete spore (D)
1 creature vanquished.

Grand Total: 48 creatures vanquished

Notes
Turn   | Place    | Note
-------+----------+-------------------------------------------
     0 | D        | howech the Kobold Enchanter began the quest for the Orb.
     0 | D        | Reached XP level 1. HP: 10/10 MP: 3/3
     1 | D        | Noticed Ijyb
     7 | D        | Killed Ijyb
     8 | D        | Reached skill level 5 in Stealth
     8 | D        | Reached skill level 1 in Ice Magic
     8 | D        | Reached XP level 2. HP: 15/15 MP: 4/6
     8 | D        | Reached XP level 3. HP: 19/19 MP: 4/7
    15 | D        | Learned a level 2 spell: Ensorcelled Hibernation
    16 | D        | Noticed an ogre
    19 | D        | Killed an ogre
    20 | D        | Reached skill level 8 in Stealth
    20 | D        | Reached XP level 4. HP: 22/24 MP: 6/10
    20 | D        | Reached XP level 5. HP: 26/28 MP: 6/11
    22 | D        | Noticed Sigmund
    24 | D        | Killed Sigmund
    25 | D        | Reached skill level 5 in Dodging
    25 | D        | Reached skill level 11 in Stealth
    25 | D        | Reached skill level 5 in Spellcasting
    25 | D        | Reached skill level 5 in Hexes
    25 | D        | Reached XP level 6. HP: 32/32 MP: 7/13
    46 | D        | Found an ornate altar of the Wu Jian Council.
    47 | D        | Found a shimmering blue altar of Sif Muna.
    48 | D        | Found a radiant altar of Vehumet.
    55 | D        | Found a hazy altar of Hepliaklqana.
    55 | D        | Found a stormy altar of Qazlal.
    55 | D        | Found a hide-covered altar of Uskayaw.
    55 | D        | Found a blossoming altar of Fedhas.
    55 | D        | Noticed a yak
    58 | D        | Killed a yak
    59 | D        | Reached skill level 12 in Stealth
    59 | D        | Reached skill level 5 in Ice Magic
    59 | D        | Reached XP level 7. HP: 36/36 MP: 8/16
    59 | D        | Found Xuseg's Weapon Emporium.
    59 | D        | Found a bloodstained altar of Trog.
    59 | D        | Found an opulent altar of Gozag.
    59 | D        | Found a snail-covered altar of Cheibriados.
    60 | D        | Found an iron altar of Okawaru.
    60 | D        | Found a sparkling altar of Nemelex Xobeh.
    60 | D        | Found a sacrificial altar of Ru.
    60 | D        | Found a glowing silver altar of Zin.
    61 | D        | Found an ancient bone altar of Kikubaaqudgha.
    61 | D        | Found a basalt altar of Yredelemnul.
    61 | D        | Found a glowing golden altar of the Shining One.
    61 | D        | Found a shadowy altar of Dithmenos.
    61 | D        | Found a white marble altar of Elyvilon.
    66 | D        | Became a worshipper of Zin the Law-Giver
    66 | D        | Reached * piety under Zin
    66 | D        | Reached ** piety under Zin
    66 | D        | Reached *** piety under Zin
    66 | D        | Reached **** piety under Zin
    66 | D        | Reached ***** piety under Zin
    66 | D        | Reached ****** piety under Zin
   115 | D        | Learned a level 3 spell: Confusing Touch
   119 | D        | Learned a level 3 spell: Dazzling Flash
   119 | D        | Noticed Sonja
   123 | D        | Killed Sonja
   124 | D        | Reached skill level 14 in Stealth
   124 | D        | Reached XP level 8. HP: 41/41 MP: 17/19
   136 | D        | Found Byg Haur's Antique Weapon Boutique.
   141 | D        | Bought a glowing dagger for 120 gold pieces
   144 | D        | Noticed a shining eye
   145 | D        | Noticed a shining eye
   147 | D        | Noticed a shining eye
   147 | D        | Noticed a shining eye
   148 | D        | Noticed a shining eye
   148 | D        | Noticed a shining eye
   150 | D        | Reached skill level 15 in Stealth
   152 | D        | Noticed a shining eye
   152 | D        | Noticed a shining eye
   162 | D        | Killed a shining eye
   163 | D        | Reached skill level 10 in Short Blades
   163 | D        | Reached skill level 16 in Stealth
   163 | D        | Reached XP level 9. HP: 45/45 MP: 18/21
   166 | D        | Killed a shining eye
   167 | D        | Reached skill level 17 in Stealth
   168 | D        | Killed a shining eye
   187 | D        | Killed a shining eye
   188 | D        | Reached skill level 18 in Stealth
   188 | D        | Reached XP level 10. HP: 50/50 MP: 12/23
   193 | D        | Killed a shining eye
   194 | D        | Reached skill level 10 in Hexes
   194 | D        | Killed a shining eye
   195 | D        | Reached skill level 19 in Stealth
   195 | D        | Reached skill level 10 in Spellcasting
   202 | D        | Killed a shining eye
   214 | D        | Killed a shining eye
   215 | D        | Reached skill level 20 in Stealth
   215 | D        | Reached skill level 10 in Ice Magic
   239 | D        | Fell from the grace of Zin
   239 | D        | Became a worshipper of Sif Muna the Loreminder
   279 | D        | Found Sexzyed's Assorted Antiques.
   279 | D        | Found Fauzxuoh's Weapon Shoppe.
   279 | D        | Found Soin Luu's Jewellery Boutique.
   279 | D        | Found Qyuv's Assorted Antiques.
   314 | D        | Noticed a deep troll
   318 | D        | Killed a deep troll
   328 | D        | Found Kokusoxo's Armour Emporium.
   357 | D        | Found a burning altar of Makhleb.
   357 | D        | Found a viscous altar of Jiyva.
   357 | D        | Found a shimmering altar of Xom.
   357 | D        | Found a corrupted altar of Lugonu.
   372 | D        | Noticed a kobold demonologist
   373 | D        | Noticed a kobold demonologist
   375 | D        | Reached * piety under Sif Muna
   378 | D        | Killed a kobold demonologist
   379 | D        | Reached XP level 11. HP: 45/54 MP: 20/26
   387 | D        | Reached skill level 21 in Stealth
   497 | D        | Noticed a centaur warrior
   497 | D        | Noticed a centaur warrior
   498 | D        | Killed a centaur warrior
   498 | D        | Reached ** piety under Sif Muna
   503 | D        | Killed a centaur warrior
   534 | D        | Reached skill level 22 in Stealth
   543 | D        | Noticed an oklob plant
   545 | D        | Killed an oklob plant
   552 | D        | Reached *** piety under Sif Muna
   593 | D        | Found Laosanne's Distillery.
   593 | D        | Found Acwu Acusm's Assorted Antiques.
   593 | D        | Found Cuehomu's Assorted Antiques.
   596 | D        | Reached **** piety under Sif Muna
   613 | D        | Found Suagasme's Antique Armour Boutique.
   613 | D        | Found Elugyxt's Jewellery Shoppe.
   613 | D        | Found Jyrumn's Distillery.
   613 | D        | Found Qexuahem's Weapon Emporium.
   618 | D        | Found Loweit's General Store.
   619 | D        | Found Baonopt's Distillery.
   620 | D        | Found Rek Olia's Jewellery Shop.
   621 | D        | Bought a potion of degeneration for 10 gold pieces
   622 | D        | Found Ynol's Distillery.
   623 | D        | Found Ewololeho's Armour Boutique.
   623 | D        | Found Gezitwyd's General Store.
   624 | D        | Found Zaichueng's Magic Scroll Shop.
   626 | D        | Bought a ring of see invisible for 150 gold pieces
   631 | D        | Bought a scroll of identify for 24 gold pieces
   631 | D        | Bought a scroll of identify for 24 gold pieces
   631 | D        | Bought a scroll of identify for 24 gold pieces
   631 | D        | Bought a scroll of identify for 24 gold pieces
   633 | D        | Identified 3 scrolls of acquirement
   635 | D        | Acquired the +1 pair of boots "Imoidat" {Drain rPois rF++
                  | Will-}
   636 | D        | Acquired 1022 gold pieces
   637 | D        | Acquired the amulet of Iremeboc {RegenMP rPois Regen+}
   670 | D        | Reached ***** piety under Sif Muna
   672 | D        | Received a gift from Sif Muna
   713 | D        | Received a gift from Sif Muna
   714 | D        | Reached skill level 23 in Stealth
   792 | D        | Bought the +27 heavy crossbow "Sniper" {heavy, Acc+∞ SInv}
                  | for 1040 gold pieces
   792 | D        | Found the +27 heavy crossbow "Sniper" {heavy, Acc+∞ SInv}
   866 | D        | Bought a scroll of blinking for 180 gold pieces
   945 | D        | Bought a potion of haste for 110 gold pieces
   945 | D        | Bought a potion of haste for 110 gold pieces
   993 | D        | Mangled by a demonic crawler

Illustrated notes

Levels and vault maps discovered:
D:        dungeon_sprint_1 [red_sonja_temple_1, red_sonja_temple_small_1]

Skill      XL: |  1  2  3  4  5  6  7  8  9 10 11 |
---------------+----------------------------------+-----
Short Blades   | 3 4 6 7 9 10 | 10.0
Dodging        | 3 4 5 |  5.0
Stealth        | 5 8 11 12 14 16 18 20 23 | 23.4
Spellcasting   | 3 4 5 6 7 8 9 11 12 | 12.0
Ice Magic      | 1 3 4 5 6 7 9 10 12 | 12.1
Hexes          | 4 5 6 7 8 9 11 12 | 12.0

Action                     |  1- 3 |  4- 6 |  7- 9 | 10-12 || total
---------------------------+-------+-------+-------+-------++-------
  Melee: Dagger            |     4 |     3 |    24 |    76 ||   107
   Fire: Heavy crossbow    |       |       |       |     2 ||     2
   Cast: Ensorcelled Hiber |       |     2 |     1 |    24 ||    27
         Dazzling Flash    |       |       |     3 |       ||     3
         Confusing Touch   |       |       |       |     7 ||     7
    Use: Potion            |     2 |       |       |     4 ||     6
         Scroll            |       |       |       |     9 ||     9
   Stab: Invisible         |     1 |       |     1 |     2 ||     4
         Sleeping          |     1 |     3 |     8 |    24 ||    36
         Confused          |       |       |       |     6 ||     6
 Armour: Robe              |       |       |       |    10 ||    10
  Dodge: Dodged            |       |     1 |       |    47 ||    48

Table legend: (Time is in decaauts)
 A = Elapsed time spent in this place.
 B = Non-inter-level travel time spent in this place.
 C = Inter-level travel time spent in this place.
 D = Time resting spent in this place.
 E = Time spent auto-exploring this place.
 F = Levels seen in this place.
 G = Mean time per level.
                   A        B        C        D        E       F      G
               +--------+--------+--------+--------+--------+-----+--------+
         Total |    945 |    838 |    107 |    109 |      0 |   1 |  945.0 |
       Dungeon |    945 |    838 |    107 |    109 |      0 |   1 |  945.0 |
               +--------+--------+--------+--------+--------+-----+--------+

Top non-repeatable levels by time:
       D: 945 daAuts
